 Dungeon Crawl Stone Soup version 0.30-a0-777-ga9a30cbeda (console) character file.

Game seed: 14024145578358804012

232 rlgrobin the Cudgeller (level 5, -3/44 HPs)
             Began as an Armataur Fighter on Feb 15, 2023.
             Slain by a kobold brigand
             ... wielding a +0 whip
              (7 damage)
             ... in a sewer.
             The game lasted 00:04:04 (769 turns).

rlgrobin the Cudgeller (Armataur Fighter)            Turns: 769, Time: 00:04:05

Health: -3/44      AC: 10    Str: 22    XL:     5   Next: 73%
Magic:  5/5        EV:  7    Int:  8    God:
Gold:   29         SH:  4    Dex: 11    Spells: 4/4 levels left

rFire   . . .      SeeInvis .    a - +0 flail
rCold   . . .      Faith    .    c - +0 buckler
rNeg    . . .      Spirit   .    b - +0 scale mail
rPois   .          Reflect  .    p - +2 helmet
rElec   .          Harm     .    (no cloak)
rCorr   .          Roll     +    (no gloves)
Will    .....                    (no barding) Stlth
                                 (no amulet)
HPRegen 0.27/turn                (no ring)
MPRegen 0.09/turn                (no ring)

@: no status effects
A: large, rugged brown scales 3, deformed body, armoured tail, roll, long
tongue, awkward tongue
a: no special abilities


You were in a sewer.
You visited 1 branch of the dungeon, and saw 3 of its levels.
You also visited: Sewer.

You collected 29 gold pieces.

Inventory:

Hand Weapons
 a - a +0 flail (weapon)
Missiles
 f - 7 poisoned darts (quivered)
 n - a throwing net
 q - a curare-tipped dart
Armour
 b - a +0 scale mail (worn)
 c - a +0 buckler (worn)
 p - a +2 helmet (worn)
Scrolls
 l - a scroll of magic mapping {unknown}
 o - a scroll of teleportation
Potions
 d - 2 potions of might
 e - a potion of cancellation
 g - a potion of brilliance {unknown}
 h - a potion of haste {unknown}
 i - a potion of degeneration {unknown}
 j - a potion of resistance {unknown}
 k - a potion of curing {unknown}
 m - a potion of mutation {unknown}


   Skills:
 - Level 2.6 Fighting
 + Level 5.5 Maces & Flails
 - Level 3.6 Armour
 - Level 3.2 Shields


You had 4 spell levels left.
You didn't know any spells.
Your spell library contained the following spells:

 Spells                   Type           Power      Damage    Failure   Level
 Kiss of Death            Conj/Necr      0%         2d5       80%         1
 Magic Dart               Conj           0%         1d3       80%         1
 Call Imp                 Summ           0%         N/A       91%         2
 Confusing Touch          Hex            0%         N/A       99%         3
 Mephitic Cloud           Conj/Pois/Air  0%         N/A       99%         3
 Dispel Undead            Necr           0%         3d6       100%        4


Dungeon Overview and Level Annotations

Branches:
Dungeon (3/15)              Sewer (1/1)

Altars:
Gozag


Innate Abilities, Weirdness & Mutations

You are completely covered in rugged brown scales. (AC +3, +7% HP)
Armour fits poorly on your strangely shaped body.
You have a long armoured tail.
You roll when moving toward enemies. (Rampage)
Your long tongue fully drains potion bottles. (2x potion effects)
Your tongue gives you trouble enunciating. (1.5x scroll delay)


Message History

a +0 dagger; a kobold corpse
Things that are here:
a +0 short sword; a kobold corpse
Found a glowing orange potion.
A kobold brigand comes into view.
It is wielding a +0 whip and quivering curare-tipped darts.
Why would you want to do that?
You enter the shallow water.
The kobold brigand shouts!
The kobold brigand throws a curare-tipped dart.
The curare-tipped dart barely misses you.
The kobold brigand hits you but does no damage.
You hit the kobold brigand.
The kobold brigand is lightly wounded.
The kobold brigand hits you with a +0 whip.
* * * LOW HITPOINT WARNING * * *
You hit the kobold brigand.
The kobold brigand is moderately wounded.
The kobold brigand closely misses you.
You hit the kobold brigand.
Your tail-slap misses the kobold brigand.
The kobold brigand is moderately wounded.
The kobold brigand barely misses you.
You hit the kobold brigand but do no damage.
You tail-slap the kobold brigand, but do no damage.
The kobold brigand is moderately wounded.
The kobold brigand hits you with a +0 whip.
* * * LOW HITPOINT WARNING * * *
You sock the kobold brigand!
The kobold brigand is severely wounded.
The kobold brigand hits you but does no damage.
You closely miss the kobold brigand.
The kobold brigand is severely wounded.
The kobold brigand hits you with a +0 whip.
* * * LOW HITPOINT WARNING * * *
The kobold brigand hits you with a +0 whip.
* * * LOW HITPOINT WARNING * * *
You sock the kobold brigand!
The kobold brigand is almost dead.
The kobold brigand hits you with a +0 whip!
You die...

#~∩...# !~~ ##~†.## ..~
##~## #≈# #~# #≈# #~#
#≈# ##~## ##≈## ##.~~##
##...##
#~....#####~...~#####..~
#.....~~)~)~....@K......
#.....#####.....#####...
##~..## ##~~.## #####
#####


You could see a kobold brigand.

Vanquished Creatures
  A kobold brigand (Sewer)
  A howler monkey (D:3)
  3 gnolls (D:2)
  5 adders
  A worm (Sewer)
  4 orcs (D:3)
  4 ball pythons
  3 bats
  5 endoplasms
  2 giant cockroaches
  4 goblins
  2 hobgoblins
  4 jackals (D:2)
  4 kobolds
  A quokka (D:2)
  2 frilled lizards (D:1)
  7 rats
53 creatures vanquished.

Notes
Turn   | Place    | Note
-------+----------+-------------------------------------------
     0 | D:1      | rlgrobin the Armataur Fighter began the quest for the Orb.
     0 | D:1      | Reached XP level 1. HP: 19/19 MP: 1/1
    60 | D:1      | Reached skill level 2 in Maces & Flails
   130 | D:1      | Reached XP level 2. HP: 26/26 MP: 2/2
   355 | D:2      | Reached skill level 3 in Maces & Flails
   356 | D:2      | Reached XP level 3. HP: 28/32 MP: 3/3
   381 | D:2      | Reached XP level 4. HP: 33/39 MP: 4/4
   382 | D:2      | Reached skill level 4 in Maces & Flails
   518 | D:3      | Found an opulent altar of Gozag.
   675 | D:3      | Found a glowing drain.
   692 | Sewer    | Entered a sewer
   704 | Sewer    | Reached XP level 5. HP: 29/44 MP: 5/5
   728 | Sewer    | Reached skill level 5 in Maces & Flails
   769 | Sewer    | Slain by a kobold brigand

Illustrated notes

Levels and vault maps discovered:
D:1:      arrival_zaba_pyramid, layout_loops_ring, kennysheep_minor_cross,
          minmay_misc_feat_enclosed
D:2:      layout_rooms, minivault_24, minmay_heptomino_w4, uniq_sigmund,
          uniq_robin
D:3:      layout_loops_ring, mainiacjoe_overflow_cross_hatched,
          portal_sewer_entry_d, nrook_uturn
Sewer:    sewer_co_15_rooms

Skill      XL: |  1  2  3  4  5 |
---------------+----------------+-----
Maces & Flails | 2 3 4 5 |  5.5
Fighting       | |  2.6
Armour         | |  3.6
Shields        | |  3.2

Action                     |  1- 3 |  4- 6 || total
---------------------------+-------+-------++-------
  Melee: Flail             |    55 |   107 ||   162
         Tailslap          |     5 |     7 ||    12
    Use: Potion            |     1 |       ||     1
         Scroll            |       |     3 ||     3
 Armour: Scale mail        |    38 |    55 ||    93
  Dodge: Dodged            |    22 |    21 ||    43
  Block: Buckler           |    12 |    24 ||    36

Table legend: (Time is in decaauts)
 A = Elapsed time spent in this place.
 B = Non-inter-level travel time spent in this place.
 C = Inter-level travel time spent in this place.
 D = Time resting spent in this place.
 E = Time spent auto-exploring this place.
 F = Levels seen in this place.
 G = Mean time per level.
                   A        B        C        D        E       F      G
               +--------+--------+--------+--------+--------+-----+--------+
         Total |    807 |    807 |      0 |      0 |      0 |   4 |  201.8 |
       Dungeon |    723 |    723 |      0 |      0 |      0 |   3 |  241.0 |
         Sewer |     84 |     84 |      0 |      0 |      0 |   1 |   84.0 |
               +--------+--------+--------+--------+--------+-----+--------+

Top non-repeatable levels by time:
     D:1: 315 daAuts
     D:3: 305 daAuts
     D:2: 102 daAuts
   Sewer: 84 daAuts
